 Dungeon Crawl Stone Soup version 0.30.1-11-g7821555f0a (webtiles) character file.

Game seed: 11400281095713571396

75 n0ni the Trooper (level 4, -2/41 HPs)
             Began as a Minotaur Berserker on Dec 8, 2023.
             Was a Believer of Trog.
             Slain by Sigmund
             ... wielding a +0 scythe
              (8 damage)
             ... on level 2 of the Dungeon.
             The game lasted 00:07:45 (1671 turns).

n0ni the Trooper (Minotaur Berserker)               Turns: 1671, Time: 00:07:46

Health: -2/41      AC: 11    Str: 24    XL:     4   Next: 11%
Magic:  3/3        EV:  9    Int:  4    God:    Trog [**....]
Gold:   69         SH:  5    Dex:  9    Spells: 3/3 levels left

rFire   + . .        a - +0 hand axe
rCold   . . .        (no shield)
rNeg    . . .        k - +0 chain mail
rPois   .            (helmet restricted)
rElec   .            (no cloak)
rCorr   .            (no gloves)
SInv    .            b - +1 pair of boots
Will    .....        c - amulet of reflection Stlth
                     o - ring of protection from fire
HPRegen 0.26/turn    n - ring of flight
MPRegen 0.08/turn

%: reflection
@: flying
A: horns 2, retaliatory headbutt
a: Renounce Religion, Berserk, Trog's Hand


You were on level 2 of the Dungeon.
You worshipped Trog.
Trog was pleased with you.
You visited 1 branch of the dungeon, and saw 2 of its levels.

You collected 69 gold pieces.

Inventory:

Hand Weapons
 a - a +0 hand axe (weapon)
Missiles
 g - 37 stones (quivered)
 q - 5 boomerangs
Armour
 b - a +1 pair of boots (worn)
 k - a +0 chain mail (worn)
Jewellery
 c - an amulet of reflection (around neck)
 d - an amulet of guardian spirit
 n - a ring of flight (right hand)
 o - a ring of protection from fire (left hand)
 p - a ring of protection from fire
Scrolls
 e - a scroll of acquirement {unknown}
 i - a scroll of magic mapping {unknown}
 l - a scroll of teleportation {unknown}
 m - a scroll of identify
Potions
 f - 2 potions of ambrosia
 h - a potion of curing
 j - 2 potions of might


   Skills:
 * Level 4.8 Fighting
 + Level 4.3 Axes
 * Level 3.1 Armour
 + Level 2.4 Dodging
 + Level 0.5 Stealth
 + Level 0.5 Shields


You had 3 spell levels left.
You didn't know any spells.
Your spell library was empty.

Dungeon Overview and Level Annotations

Branches:
Dungeon (2/15)

Altars:

Annotations:
D:2 Sigmund


Innate Abilities, Weirdness & Mutations

You have a pair of horns on your head.
You reflexively headbutt those who attack you in melee.


Message History

The magic dart hits you but does no damage.
You hear some strange, mumbled words.
You are confused.
You bump into the rock wall.
You bump into the rock wall.
Something hits you. Something hits you but does no damage.
You bump into the rock wall.
You feel less confused. Something hits you! You block something's attack.
The worm bites you but does no damage.
A puff of flame appears from out of thin air!
The puff of flame hits you. You resist.
Something tries to affect you, but you resist.
You see here a +0 short sword.
A puff of flame appears from out of thin air!
The puff of flame hits you. You resist.
Sigmund appears from thin air!
Reactivating autopickup.
Sigmund says, "Your kind have come here before.
I understand now why.
You desire death..."
Sigmund points at you and mumbles some strange words.
You are confused.
You bump into the rock wall.
Sigmund casts a spell at you. The magic dart hits you.
You bump into the rock wall.
Sigmund casts a spell at you. The magic dart hits you.
* * * LOW HITPOINT WARNING * * *
Unknown command.
You're too confused to move!
Sigmund casts a spell at you.
The magic dart hits you but does no damage.
You barely miss Sigmund.
Sigmund is severely wounded.
Sigmund hits you with a +0 scythe!
* * * LOW HITPOINT WARNING * * *
You bump into the rock wall.
You feel less confused. Sigmund hits you with a +0 scythe!
You die...

####.#...#.###.##....##.#.....###
#.#.......w.......##.########.
#.#...#.#######...##.# ##
#.#...#.# ###..###.# #
####.#...#.# #........#
........{..# #)#......# #######
#.#####..### #w##.##.####.##...
#.# #.########@##..........#.##
..# #.......##@#####.####......
#.# #......>##.......# ####.##
#.#####..#.##.###.#.#### #...
.........#.##.##.###.## ####
######.###.##......##.# #
#........##.#.#.##
#######.#######......#
..†.###.### #.##.#.# ###.#.....#
#.##)#.#


You could see Sigmund and a worm.

Vanquished Creatures
  A gnoll (D:1)
  An adder (D:2)
  4 dart slugs
  6 bats
  3 endoplasms
  2 giant cockroaches
  5 goblins (D:1)
  4 hobgoblins
  4 quokkas
  3 ball pythons
  3 frilled lizards (D:1)
  5 kobolds
  6 rats
47 creatures vanquished.

Notes
Turn   | Place    | Note
-------+----------+-------------------------------------------
     0 | D:1      | n0ni the Minotaur Berserker began the quest for the Orb.
     0 | D:1      | Reached XP level 1. HP: 19/19 MP: 0/0
   264 | D:1      | Reached XP level 2. HP: 27/27 MP: 1/1
   635 | D:1      | Reached XP level 3. HP: 34/34 MP: 2/2
   654 | D:1      | Found a faded altar of an unknown god.
  1008 | D:2      | Reached ** piety under Trog
  1373 | D:2      | Reached XP level 4. HP: 41/41 MP: 3/3
  1589 | D:2      | Noticed Sigmund
  1671 | D:2      | Slain by Sigmund

Illustrated notes

Levels and vault maps discovered:
D:1:      scummos_arrival_hexagon, layout_loops_ring,
          ebering_ecumenical_altar_hall, minmay_misc_feat_nine_boxes,
          minmay_pentomino_s2
D:2:      layout_loops_cross, uniq_sigmund, uniq_crazy_yiuf_cottage

Skill      XL: |  1  2  3 |
---------------+----------+-----
Fighting       | 4 |  4.8
Axes           | 4 |  4.3
Armour         | 3 |  3.1
Dodging        | |  2.4
Stealth        | |  0.5
Shields        | |  0.5

Action                     |  1- 3 |  4- 6 || total
---------------------------+-------+-------++-------
  Melee: Hand axe          |    88 |    24 ||   112
         Headbutt          |    10 |     3 ||    13
    Use: Scroll            |     2 |     2 ||     4
 Armour: Animal skin       |     3 |       ||     3
         Scale mail        |     5 |       ||     5
         Ring mail         |     3 |       ||     3
         Chain mail        |    18 |    12 ||    30
  Dodge: Dodged            |    51 |     2 ||    53
  Block: Other             |    22 |     5 ||    27
